 Dungeon Sprint DCSS version 0.19-a0-1714-gcab94ab (webtiles) character file.

633 Theye the Quickloader (level 7, 0/56 HPs)
             Began as a Formicid Hunter on Sept 28, 2016.
             Was a Believer of Okawaru.
             Slain by a deep elf mage
             ... wielding a +0 long sword of holy wrath
              (4 damage)
             ... in the Dungeon (Sprint IX: "|||||||||||||||||||||||||||||").
             The game lasted 00:01:29 (353 turns).

Theye the Quickloader (Formicid Hunter)              Turns: 353, Time: 00:01:30

Health: 0/56       AC: 13    Str: 17    XL:     7   Next: 78%
Magic:  8/11       EV: 12    Int: 11    God:    Okawaru [**....]
Gold:   0          SH:  0    Dex: 12    Spells: 0 memorised, 6 levels left

rFire  . . .     SeeInvis +     a - +1 hand crossbow
rCold  . . .     Gourm    .     q - +1 chain mail
rNeg   . . .     Faith    .     (no shield)
rPois  .         Spirit   .     (helmet unavailable)
rElec  .         Dismiss  .     (no cloak)
rCorr  .         Reflect  .     (no gloves)
MR     .....     Harm     .     (no boots)
Stlth  ..........               (no amulet)
                                (no ring)
                                s - +2 ring of evasion

@: heroism
A: permanent stasis, dig shafts and tunnels, four strong arms, antennae 3
a: Dig, Heroism, Renounce Religion


You were in the Dungeon.
You worshipped Okawaru.
Okawaru was pleased with you.
You were not hungry.

You visited 1 branch

Inventory:

Hand Weapons
 a - a +1 hand crossbow (weapon)
 p - a +2 dire flail of crushing
Missiles
 d - 4 bolts (quivered)
Armour
 c - a +0 leather armour
 q - a +1 chain mail (worn)
Jewellery
 r - a +3 ring of intelligence
 s - a +2 ring of evasion (left hand)
Wands
 o - a wand of acid (7/15)
Scrolls
 k - 2 scrolls of blinking
 m - 3 scrolls of remove curse
 n - 2 scrolls of amnesia
Potions
 e - 5 potions of curing
 g - 3 potions of heal wounds
 h - a potion of haste
 i - 4 potions of magic
 j - a potion of berserk rage
Comestibles
 f - a bread ration
 l - 3 chunks of flesh


   Skills:
 + Level 5.4(10.4) Fighting
 + Level 1.9(6.9) Maces & Flails
 * Level 13.5(18.5) Crossbows
 + Level 3.6(8.6) Armour
 + Level 2.5(7.5) Dodging
 - Level 1.2(6.2) Stealth
 * Level 5.6 Invocations


You had 6 spell levels left.
You didn't know any spells.

Dungeon Overview and Level Annotations

Branches:
Dungeon (1/1)

Altars:
Cheibriados
Dithmenos
Elyvilon
Fedhas
Gozag
Hepliaklqana
Kikubaaqudgha
Makhleb
Nemelex Xobeh
Okawaru
Qazlal
Ru
Sif Muna
Trog
Uskayaw
Vehumet
Xom
Yredelemnul
Zin
The Shining One
Beogh
Jiyva
Lugonu


Innate Abilities, Weirdness & Mutations

You are under a permanent stasis effect.
You can dig through walls and to a lower floor.
Your four strong arms can wield two-handed weapons with a shield.
You have a pair of large antennae on your head. (SInv)


Message History

The komodo dragon is lightly wounded.
The komodo dragon closely misses you.
Unknown command.
Firing (i - inventory):
d - 6 bolts (quivered)
Press: ? - help, Shift-Dir - straight line, f/p - komodo dragon
Aim: a komodo dragon (lightly wounded)
You shoot a bolt. The bolt hits the komodo dragon!
The komodo dragon is moderately wounded.
The komodo dragon bites you but does no damage.
The deep elf mage casts a spell.
Unknown command.
Firing (i - inventory):
d - 5 bolts (quivered)
Press: ? - help, Shift-Dir - straight line, f/p - komodo dragon
Aim: a komodo dragon (moderately wounded)
You shoot a bolt. The bolt hits the komodo dragon.
The komodo dragon is moderately wounded.
The komodo dragon bites you!!
* * * LOW HITPOINT WARNING * * *
The deep elf mage hits you with a long sword of holy wrath.
You die... { {{ {{ {{ {{{{{{{{ ▓▓▓▓▓▓▓▓▓▓▓▓▓▓▓▓▓▓▓▓▓▓▓▓ ...YZHl@eEE÷)'...[[)|..' ▓▓▓▓▓▓▓▓▓▓▓▓▓▓▓▓▓▓▓▓▓▓▓▓

You could see a manticore, 2 earth elementals, a komodo dragon, a deep elf mage, a yak and an adder zombie.

Vanquished Creatures
  A komodo dragon (shapeshifter) (D)
  A troll (D)
  A scorpion (D)
  A crimson imp (D)
  A worker ant (D)
  An adder (D)
  A shadow imp (D)
  An ooze (D)
  An adder skeleton (D)
  An orc (D)
  A bat (D)
  A goblin (D)
  A frilled lizard (D)
  A jackal zombie (D)
  A kobold (D)
  A quokka skeleton (D)
  A rat (D)
17 creatures vanquished.

Notes
Turn   | Place    | Note
-------+----------+-------------------------------------------
     0 | D        | Theye the Formicid Hunter began the quest for the Orb.
     0 | D        | Reached XP level 1. HP: 16/16 MP: 1/1
    10 | D        | Reached skill level 5 in Crossbows
    27 | D        | Noticed a scorpion
    28 | D        | Reached XP level 2. HP: 21/22 MP: 2/2
    31 | D        | Reached skill level 6 in Crossbows
    36 | D        | Killed a scorpion
    36 | D        | Reached skill level 8 in Crossbows
    36 | D        | Reached XP level 3. HP: 23/29 MP: 3/3
    36 | D        | Reached XP level 4. HP: 28/35 MP: 4/4
    48 | D        | Found a roughly hewn altar of Beogh.
    48 | D        | Found a snail-covered altar of Cheibriados.
    48 | D        | Found a shadowy altar of Dithmenos.
    48 | D        | Found a white marble altar of Elyvilon.
    48 | D        | Found a blossoming altar of Fedhas.
    48 | D        | Found an opulent altar of Gozag.
    49 | D        | Found a hazy altar of Hepliaklqana.
    50 | D        | Found a viscous altar of Jiyva.
    51 | D        | Found an ancient bone altar of Kikubaaqudgha.
    52 | D        | Found a corrupted altar of Lugonu.
    53 | D        | Found a burning altar of Makhleb.
    54 | D        | Found a sparkling altar of Nemelex Xobeh.
    55 | D        | Found an iron altar of Okawaru.
    56 | D        | Found a stormy altar of Qazlal.
    57 | D        | Found a sacrificial altar of Ru.
    58 | D        | Found a deep blue altar of Sif Muna.
    59 | D        | Found a bloodstained altar of Trog.
    60 | D        | Found a hide-covered altar of Uskayaw.
    61 | D        | Found a radiant altar of Vehumet.
    62 | D        | Found a shimmering altar of Xom.
    63 | D        | Became a worshipper of Warmaster Okawaru
    64 | D        | Found a basalt altar of Yredelemnul.
    65 | D        | Found a glowing silver altar of Zin.
    66 | D        | Found a glowing golden altar of the Shining One.
   106 | D        | Noticed a troll
   118 | D        | Reached skill level 9 in Crossbows
   118 | D        | Reached skill level 1 in Invocations
   118 | D        | Reached XP level 5. HP: 40/41 MP: 5/5
   122 | D        | Reached skill level 10 in Crossbows
   122 | D        | Reached skill level 1 in Armour
   129 | D        | Killed a troll
   129 | D        | Reached * piety under Okawaru
   129 | D        | Reached skill level 1 in Maces & Flails
   129 | D        | Reached skill level 12 in Crossbows
   129 | D        | Reached XP level 6. HP: 17/50 MP: 5/9
   341 | D        | Noticed a yak
   341 | D        | Noticed a manticore
   341 | D        | Noticed a deep elf mage
   341 | D        | Noticed a komodo dragon
   341 | D        | Noticed a komodo dragon
   350 | D        | Killed a komodo dragon
   350 | D        | Reached ** piety under Okawaru
   350 | D        | Reached skill level 5 in Fighting
   350 | D        | Reached skill level 13 in Crossbows
   350 | D        | Reached skill level 5 in Invocations
   350 | D        | Reached XP level 7. HP: 26/56 MP: 7/11
   353 | D        | Slain by a deep elf mage

Vault maps used:
D:        linesprint

Skill      XL: |  1  2  3  4  5  6 |
---------------+-------------------+-----
Crossbows      | 5 8 9 12 13 | 13.5
Fighting       | 3 4 5 |  5.4
Dodging        | 2 |  2.5
Invocations    | 1 4 5 |  5.6
Armour         | 2 3 |  3.6
Maces & Flails | 1 |  1.9
Stealth        | |  1.2

Action                   |  1- 3 |  4- 6 |  7- 9 || total
-------------------------+-------+-------+-------++-------
Melee: Dire flail        |       |     4 |       ||     4
 Fire: Hand crossbow     |    21 |    28 |     3 ||    52
Invok: Heroism           |       |     1 |       ||     1
  Use: Potion            |       |     1 |       ||     1
Armor: Leather armour    |     4 |       |       ||     4
       Chain mail        |       |     9 |     1 ||    10
Dodge: Dodged            |    11 |    18 |     1 ||    30
